[ AOE2 MATCH · #505514788 ]
UnrankedLithuanians vs Japanese
Rival team · LOSS
[ REPLAY ANALYSIS · EXTRACTED FROM THE RECORDED GAME ]
Feudal
8:27
Castle
23:32
Imperial
36:59
| APM avg | 52.0 |
| APM peak | 88 |
| eAPM avg | 19.5 |
| Villagers / military | 134 / 195 |
Focus
⚔️ 43.0% · 🌾 57.0%
Skirmisher ×101 · Leitis ×52 · Scout Cavalry ×14 · Knight ×13 · Bombard Cannon ×6 · Monk ×4
Feudal
11:03
Castle
27:00
Imperial
39:12
| APM avg | 78.7 |
| APM peak | 133 |
| eAPM avg | 37.8 |
| Villagers / military | 156 / 208 |
Focus
⚔️ 27.3% · 🌾 72.7%
Spearman ×113 · Samurai ×26 · Skirmisher ×20 · Militia ×15 · Trebuchet (Packed) ×12 · Monk ×7
Match map
Initial resources + every placement click. Lines = walls · curves = elevation contours. ◆ gold · ⬟ stone · ● berries · ✦ relic · ◌ wall gap
Your base· ✓ Closed at 23:32 · 11t walls · 1 gate(s)
WoRLDDeViL's base· ✓ Closed at 27:00 · 2t walls · 1 gate(s)
Smoothed initial terrain · ◌ = detected wall gap · hover for details
Inputs per minute
— Arthemis - - WoRLDDeViL
Build order — Arthemis
First 150 of 512 actions detected
| 0:01 | Queue | Villager (Male) |
| 0:01 | Queue | Villager (Male) |
| 0:03 | Build | House |
| 0:05 | Build | House |
| 0:14 | Queue | Villager (Male) |
| 0:15 | Queue | Villager (Male) |
| 0:15 | Queue | Villager (Male) |
| 0:15 | Queue | Villager (Male) |
| 0:15 | Queue | Villager (Male) |
| 1:42 | Queue | Villager (Male) |
| 2:01 | Build | Lumber Camp |
| 2:03 | Queue | Villager (Male) |
| 2:55 | Queue | Villager (Male) |
| 2:55 | Queue | Villager (Male) |
| 3:18 | Queue | Villager (Male) |
| 4:03 | Build | House |
| 4:09 | Queue | Villager (Male) |
| 4:09 | Queue | Villager (Male) |
| 4:43 | Build | Mill |
| 5:27 | Queue | Villager (Male) |
| 5:46 | Research | Loom |
| 6:13 | Research | Feudal Age |
| 6:39 | Build | Lumber Camp |
| 6:57 | Queue | Villager (Male) |
| 8:02 | Build | Barracks |
| 8:27 | Age | Feudal Age |
| 8:32 | Research | Double-Bit Axe |
| 8:32 | Queue | Villager (Male) |
| 9:03 | Build | Archery Range |
| 9:15 | Queue | Villager (Male) |
| 9:16 | Queue | Villager (Male) |
| 9:21 | Build | House |
| 9:55 | Build | House |
| 9:59 | Queue | Skirmisher |
| 10:27 | Queue | Villager (Male) |
| 10:38 | Queue | Skirmisher |
| 10:38 | Queue | Skirmisher |
| 10:43 | Build | House |
| 10:44 | Build | House |
| 10:45 | Research | Horse Collar |
| 10:54 | Queue | Villager (Male) |
| 11:02 | Build | Farm |
| 11:05 | Build | Farm |
| 11:14 | Queue | Villager (Male) |
| 11:17 | Build | Farm |
| 11:30 | Queue | Skirmisher |
| 11:45 | Queue | Villager (Male) |
| 11:46 | Queue | Villager (Male) |
| 11:47 | Queue | Skirmisher |
| 11:56 | Build | House |
| 11:58 | Build | Palisade Wall |
| 11:59 | Build | Palisade Wall |
| 12:02 | Build | Palisade Wall |
| 12:09 | Queue | Villager (Male) |
| 12:28 | Build | Palisade Wall |
| 12:33 | Queue | Skirmisher |
| 12:33 | Queue | Skirmisher |
| 12:54 | Queue | Villager (Male) |
| 13:07 | Build | Blacksmith |
| 13:13 | Queue | Skirmisher |
| 13:15 | Queue | Villager (Male) |
| 13:32 | Build | Farm |
| 13:36 | Build | Farm |
| 13:47 | Research | Fletching |
| 13:48 | Queue | Villager (Male) |
| 13:51 | Queue | Skirmisher |
| 14:11 | Build | House |
| 14:12 | Build | House |
| 14:15 | Queue | Villager (Male) |
| 14:16 | Queue | Skirmisher |
| 14:25 | Research | Padded Archer Armor |
| 14:37 | Queue | Villager (Male) |
| 14:38 | Queue | Skirmisher |
| 14:56 | Queue | Skirmisher |
| 15:08 | Queue | Villager (Male) |
| 15:09 | Queue | Villager (Male) |
| 15:25 | Build | House |
| 15:27 | Build | House |
| 15:50 | Queue | Skirmisher |
| 15:50 | Queue | Skirmisher |
| 15:58 | Build | Mining Camp |
| 16:00 | Queue | Villager (Male) |
| 16:01 | Queue | Villager (Male) |
| 16:05 | Build | Farm |
| 16:07 | Build | Farm |
| 16:09 | Build | Farm |
| 16:44 | Queue | Villager (Male) |
| 16:46 | Queue | Skirmisher |
| 16:46 | Queue | Skirmisher |
| 17:07 | Queue | Villager (Male) |
| 17:15 | Build | House |
| 17:38 | Queue | Villager (Male) |
| 17:39 | Queue | Skirmisher |
| 17:47 | Build | Farm |
| 17:47 | Build | Farm |
| 17:47 | Build | Farm |
| 17:48 | Build | Farm |
| 17:48 | Build | Farm |
| 18:04 | Queue | Villager (Male) |
| 18:07 | Queue | Skirmisher |
| 18:27 | Build | Lumber Camp |
| 18:36 | Research | Wheelbarrow |
| 19:12 | Build | House |
| 19:17 | Build | Farm |
| 19:51 | Queue | Villager (Male) |
| 19:58 | Build | Farm |
| 20:00 | Build | Farm |
| 20:03 | Build | Farm |
| 20:06 | Build | Farm |
| 20:10 | Build | Farm |
| 20:27 | Queue | Villager (Male) |
| 20:28 | Queue | Villager (Male) |
| 20:41 | Research | Castle Age |
| 21:00 | Build | Stable |
| 21:06 | Build | Stable |
| 21:11 | Build | House |
| 21:14 | Build | House |
| 21:18 | Research | Gold Mining |
| 21:26 | Research | Scale Barding Armor |
| 21:32 | Build | Palisade Wall |
| 21:33 | Build | Palisade Gate |
| 21:43 | Queue | Spearman |
| 22:00 | Queue | Skirmisher |
| 22:00 | Queue | Skirmisher |
| 22:01 | Queue | Spearman |
| 22:45 | Research | Bloodlines |
| 22:47 | Research | Forging |
| 23:14 | Build | Farm |
| 23:17 | Build | Farm |
| 23:28 | Build | Palisade Wall |
| 23:32 | Age | Castle Age |
| 23:34 | Queue | Skirmisher |
| 23:34 | Queue | Skirmisher |
| 23:38 | Queue | Knight |
| 23:38 | Queue | Knight |
| 23:47 | Queue | Villager (Male) |
| 23:48 | Queue | Villager (Male) |
| 23:50 | Research | Bow Saw |
| 24:02 | Queue | Knight |
| 24:03 | Queue | Knight |
| 24:42 | Queue | Knight |
| 24:44 | Queue | Villager (Male) |
| 24:44 | Queue | Villager (Male) |
| 25:03 | Queue | Villager (Male) |
| 25:05 | Build | Farm |
| 25:06 | Build | Farm |
| 25:14 | Queue | Knight |
| 25:19 | Build | Monastery |
| 25:40 | Build | Town Center |
| 25:43 | Research | Husbandry |
Build order — WoRLDDeViL
First 150 of 580 actions detected
| 0:01 | Queue | Villager (Male) |
| 0:01 | Queue | Villager (Male) |
| 0:02 | Build | House |
| 0:04 | Build | House |
| 0:07 | Queue | Villager (Male) |
| 0:13 | Queue | Villager (Male) |
| 1:30 | Queue | Villager (Male) |
| 1:47 | Build | Lumber Camp |
| 2:03 | Queue | Villager (Male) |
| 2:03 | Queue | Villager (Male) |
| 2:23 | Queue | Villager (Male) |
| 3:13 | Queue | Villager (Male) |
| 3:34 | Queue | Villager (Male) |
| 3:49 | Research | Loom |
| 3:50 | Queue | Villager (Male) |
| 4:07 | Build | House |
| 4:27 | Build | Barracks |
| 4:41 | Queue | Villager (Male) |
| 5:07 | Queue | Villager (Male) |
| 5:14 | Build | Mill |
| 5:35 | Queue | Villager (Male) |
| 5:40 | Queue | Villager (Male) |
| 5:47 | Queue | Villager (Male) |
| 5:56 | Queue | Militia |
| 5:57 | Queue | Militia |
| 6:07 | Queue | Villager (Male) |
| 6:18 | Build | House |
| 6:20 | Queue | Villager (Male) |
| 6:50 | Build | House |
| 6:54 | Build | Mining Camp |
| 7:25 | Build | House |
| 7:37 | Queue | Militia |
| 7:51 | Queue | Villager (Male) |
| 8:33 | Queue | Militia |
| 8:37 | Queue | Villager (Male) |
| 8:49 | Build | House |
| 8:53 | Research | Feudal Age |
| 8:53 | Research | Feudal Age |
| 9:13 | Queue | Militia |
| 9:22 | Build | Palisade Wall |
| 9:24 | Build | Palisade Wall |
| 9:35 | Queue | Militia |
| 10:30 | Queue | Villager (Male) |
| 10:36 | Queue | Militia |
| 11:03 | Age | Feudal Age |
| 11:03 | Research | Man-at-Arms (upgrade) |
| 11:04 | Research | Man-at-Arms (upgrade) |
| 11:05 | Research | Double-Bit Axe |
| 11:33 | Build | Archery Range |
| 11:36 | Queue | Villager (Male) |
| 11:51 | Queue | Militia |
| 11:59 | Research | Wheelbarrow |
| 12:13 | Queue | Skirmisher |
| 12:22 | Queue | Skirmisher |
| 12:24 | Queue | Militia |
| 12:59 | Queue | Skirmisher |
| 13:08 | Research | Horse Collar |
| 13:14 | Queue | Militia |
| 13:15 | Queue | Skirmisher |
| 13:27 | Queue | Villager (Male) |
| 13:28 | Research | Arson |
| 13:35 | Queue | Militia |
| 13:36 | Queue | Skirmisher |
| 13:48 | Build | Farm |
| 14:01 | Queue | Militia |
| 14:23 | Queue | Villager (Male) |
| 14:26 | Build | Blacksmith |
| 14:53 | Queue | Villager (Male) |
| 14:57 | Build | House |
| 14:59 | Research | Fletching |
| 14:59 | Research | Fletching |
| 15:16 | Build | Farm |
| 15:17 | Build | Farm |
| 15:43 | Queue | Villager (Male) |
| 15:48 | Build | Lumber Camp |
| 15:52 | Queue | Skirmisher |
| 15:54 | Build | Farm |
| 15:56 | Build | Farm |
| 16:06 | Queue | Militia |
| 16:07 | Queue | Skirmisher |
| 16:10 | Build | Farm |
| 16:13 | Build | Farm |
| 16:27 | Queue | Villager (Male) |
| 16:30 | Build | House |
| 17:03 | Queue | Villager (Male) |
| 17:07 | Build | Stable |
| 17:26 | Queue | Villager (Male) |
| 17:27 | Build | Farm |
| 17:39 | Queue | Skirmisher |
| 17:44 | Build | Archery Range |
| 17:53 | Build | Farm |
| 17:55 | Build | Farm |
| 18:03 | Queue | Scout Cavalry |
| 18:19 | Build | Farm |
| 18:21 | Build | Farm |
| 18:24 | Queue | Villager (Male) |
| 18:34 | Queue | Villager (Male) |
| 18:35 | Build | Farm |
| 18:45 | Queue | Skirmisher |
| 18:51 | Build | House |
| 18:55 | Build | House |
| 18:56 | Build | House |
| 19:07 | Queue | Villager (Male) |
| 19:24 | Build | Farm |
| 19:25 | Queue | Villager (Male) |
| 19:27 | Build | House |
| 19:28 | Queue | Skirmisher |
| 19:29 | Queue | Skirmisher |
| 19:48 | Queue | Skirmisher |
| 19:49 | Queue | Skirmisher |
| 20:04 | Queue | Skirmisher |
| 20:05 | Queue | Skirmisher |
| 20:06 | Build | House |
| 20:07 | Build | House |
| 20:11 | Build | Farm |
| 20:14 | Queue | Villager (Male) |
| 20:22 | Build | Farm |
| 20:24 | Queue | Scout Cavalry |
| 20:31 | Queue | Militia |
| 20:38 | Build | House |
| 20:43 | Queue | Scout Cavalry |
| 20:48 | Build | Farm |
| 20:50 | Queue | Villager (Male) |
| 21:13 | Queue | Skirmisher |
| 21:13 | Queue | Skirmisher |
| 21:17 | Queue | Scout Cavalry |
| 21:22 | Build | Farm |
| 21:50 | Queue | Scout Cavalry |
| 21:55 | Build | House |
| 21:58 | Queue | Villager (Male) |
| 22:09 | Research | Padded Archer Armor |
| 22:11 | Queue | Villager (Male) |
| 22:58 | Queue | Villager (Male) |
| 23:03 | Build | Market |
| 23:06 | Build | Farm |
| 23:06 | Build | Farm |
| 23:06 | Build | Farm |
| 23:06 | Build | Farm |
| 23:06 | Build | Farm |
| 23:07 | Build | Farm |
| 23:17 | Build | House |
| 23:24 | Queue | Spearman |
| 23:30 | Build | Market |
| 23:32 | Queue | Skirmisher |
| 23:32 | Queue | Skirmisher |
| 23:33 | Queue | Skirmisher |
| 24:20 | Research | Castle Age |
| 24:22 | Build | Barracks |
| 24:48 | Build | Barracks |
| 25:00 | Research | Scale Mail Armor |
Match timeline
| 4:27 | WoRLDDeViL · first_building Barracks |
| 8:02 | Arthemis · first_building Barracks |
| 8:27 | Arthemis · age_up feudal |
| 9:03 | Arthemis · first_building Archery Range |
| 9:22 | WoRLDDeViL · wall_segment Palisade Wall x1 |
| 9:24 | WoRLDDeViL · wall_segment Palisade Wall x1 |
| 11:03 | WoRLDDeViL · age_up feudal |
| 11:33 | WoRLDDeViL · first_building Archery Range |
| 11:58 | Arthemis · wall_segment Palisade Wall x1 |
| 11:59 | Arthemis · wall_segment Palisade Wall x1 |
| 12:02 | Arthemis · wall_segment Palisade Wall x3 |
| 12:28 | Arthemis · wall_segment Palisade Wall x1 |
| 17:07 | WoRLDDeViL · first_building Stable |
| 21:00 | Arthemis · first_building Stable |
| 21:32 | Arthemis · wall_segment Palisade Wall x4 |
| 23:28 | Arthemis · wall_segment Palisade Wall x1 |
| 23:32 | Arthemis · age_up castle |
| 24:20 | WoRLDDeViL · first_market_buy 100 food |
| 25:19 | Arthemis · first_building Monastery |
| 26:59 | WoRLDDeViL · first_market_sell 100 food |
| 27:00 | WoRLDDeViL · age_up castle |
| 28:09 | WoRLDDeViL · first_building Monastery |
| 35:31 | WoRLDDeViL · first_building Siege Workshop |
| 36:38 | WoRLDDeViL · first_building Castle |
| 36:39 | Arthemis · first_building Castle |
| 36:59 | Arthemis · age_up imperial |
| 38:52 | Arthemis · first_market_buy 100 wood |
| 39:12 | WoRLDDeViL · age_up imperial |
| 39:42 | Arthemis · first_building Siege Workshop |
| 44:49 | Arthemis · first_market_sell 100 food |
| 47:47 | WoRLDDeViL · wall_segment Stone Wall x1 |
| 48:01 | Arthemis · wall_segment Stone Wall x4 |
| 48:02 | WoRLDDeViL · wall_segment Stone Wall x1 |
| 49:13 | Arthemis · wall_segment Stone Wall x4 |
| 49:14 | Arthemis · wall_segment Stone Wall x1 |
| 49:22 | Arthemis · wall_segment Stone Wall x8 |
| 49:26 | Arthemis · wall_segment Stone Wall x6 |
| 53:21 | WoRLDDeViL · resign |
[ AI ANALYSIS · 1 CREDIT ]
What really happened in this match?
Wolo.gg analyzes every decision: build order, eco, micro, common mistakes by bracket. Personalized analysis on WhatsApp or Discord in 30 seconds.
Civ guide
Lithuanians
Perfil
Jugador #6103202